 Dungeon Crawl Stone Soup version 0.31.0-1-g2c135a008e (webtiles) character file.

Game seed: 16799636985622915179

518 qw the Shooter (level 7, 0/54 HPs)
             Began as a Djinni Hunter on Jan 24, 2024.
             Slain by an ogre
             ... wielding a +0 giant club
              (5 damage)
             ... on level 4 of the Dungeon.
             The game lasted 00:00:13 (3331 turns).

qw the Shooter (Djinni Hunter)                      Turns: 3331, Time: 00:00:14

Health: 0/54       AC:  6    Str: 10    XL:     7   Next: 45%
Gold:   200        EV: 18    Int: 10    God:
                   SH:  0    Dex: 19

rFire   + + .        a - +0 shortbow
rCold   x . .        (shield currently unavailable)
rNeg    . . .        c - +0 leather armour
rPois   inf          (no helmet)
rElec   .            (no cloak)
rCorr   .            l - +2 pair of gloves
SInv    .            (boots unavailable)
Will    .....        (no amulet)
Stlth   ++           d - ring of the Invisible Hand {rPois EV+5}
HPRegen 0.29/turn    (no ring)
MPRegen 0.00/turn

%: infuse magic (-1 HP)
@: flying
A: sickness immunity, fire resistance 2, cold vulnerability 1, float, innate
caster, HP casting, extra vitality 1
a: no special abilities


You were on level 4 of the Dungeon.
You visited 1 branch of the dungeon, and saw 4 of its levels.

You collected 200 gold pieces.


Innate Abilities, Weirdness & Mutations

You are immune to sickness and miasma.
You are immune to poison.
Your flesh is very heat resistant. (rF++)
You are vulnerable to cold. (rC-)
You float through the air rather than walking.
You learn spells naturally, not from books.
Your magical power is your life essence.
You have superior vitality. (+4 MHP)


   Skills:
 - Level 5.1 Fighting
 - Level 5.3 Ranged Weapons
 - Level 1.1 Armour
 + Level 3.1 Dodging
 - Level 0.7 Stealth


You knew the following spells:

 Your Spells              Type           Power      Damage    Failure   Level
a - Necrotise             Necr           0%         1d4       45%         1
b - Static Discharge      Conj/Air       0%         3-3/arc   61%         2
c - Passwall              Erth           0%         N/A       83%         3
Your spell library was empty.

Inventory:

Hand Weapons
 a - a +0 shortbow (weapon)
Armour
 c - a +0 leather armour (worn)
 l - a +2 pair of gloves (worn)
Jewellery
 d - the ring of the Invisible Hand (left hand) {rPois EV+5}
   (You acquired it on level 1 of the Dungeon)

   [ring of evasion]

   EV+5:      It affects your evasion (+5).
   rPois:     It protects you from poison
 f - a ring of fire
Potions
 b - a potion of curing {unknown}
 g - a potion of invisibility {unknown}
 i - a potion of brilliance {unknown}
 j - a potion of haste {unknown}
 k - a potion of enlightenment {unknown}

Dungeon Overview and Level Annotations

Branches:
Dungeon (4/15)
 Temple: D:4-7

Altars:
Fedhas
Hepliaklqana
Yredelemnul


Message History

The orc barely misses you. The ogre misses you. The orc barely misses you.
You shoot an arrow. The arrow completely misses the ogre.
The orc hits you with a +0 flail.
You shoot an arrow. The arrow hits the ogre.
The ogre is heavily wounded.
The ogre misses you. The orc misses you.
You shoot an arrow. The arrow closely misses the ogre.
The ogre hits you with a +0 giant club. The orc barely misses you.
You shoot an arrow. The arrow hits the ogre.
The ogre is heavily wounded.
The orc closely misses you. The ogre completely misses you.
You shoot an arrow. The arrow hits the ogre.
The ogre is heavily wounded.
The orc closely misses you.
You shoot an arrow. The arrow barely misses the ogre.
The ogre hits you with a +0 giant club! The orc completely misses you.
The orc misses you.
You shoot an arrow.
The arrow hits the ogre but does no damage.
The ogre is heavily wounded.
The ogre completely misses you. The orc barely misses you.
You shoot an arrow. The arrow completely misses the ogre.
The ogre hits you with a +0 giant club. The orc barely misses you.
You shoot an arrow.
The arrow hits the ogre but does no damage.
The ogre is heavily wounded.
The orc closely misses you.
The ogre hits you with a +0 giant club!!
Ouch! That really hurt!
You shoot an arrow. The arrow barely misses the ogre.
The orc hits you but does no damage.
You shoot an arrow. The arrow barely misses the ogre.
The ogre misses you. The orc misses you. The orc closely misses you.
You shoot an arrow.
The arrow hits the ogre but does no damage.
The ogre is heavily wounded.
The ogre misses you. The orc barely misses you.
You shoot an arrow. The arrow barely misses the ogre.
The ogre hits you with a +0 giant club.
You die...

....... #.##
####.#
........
#..###....#
........
##...#<....#
........
##.)........#
........
##..###......#
........##..##
##..#..#
.$......#..##
##...##
......o#O.##
###..## #@.##
##..# #.##
##.. #.## ###
#.# # #.# #.#
#.# .#


You could see an ogre and an orc.

Vanquished Creatures
  Sigmund (D:2)
  A weeping skull (D:4)
  2 orc priests (D:4)
  A hound (D:4)
  An orc wizard (D:4)
  6 adders
  3 gnolls (D:3)
  2 dart slugs
  3 ribbon worms
  6 orcs
  7 bats
  6 endoplasms
  6 goblins
  10 hobgoblins
  6 jackals
  10 kobolds
  2 quokkas
  4 ball pythons
  8 frilled lizards
  5 rats
  A spectral orc (D:4)
91 creatures vanquished.

Notes
Turn   | Place    | Note
-------+----------+-------------------------------------------
     0 | D:1      | qw the Djinni Hunter began the quest for the Orb.
     0 | D:1      | Reached XP level 1. HP: 18/18 MP: 0/0
     0 | D:1      | 0 ||| qw: Version: 0.3-a-136-gdd3b4e8
     0 | D:1      | 0 ||| qw: Game counter: 1365
     0 | D:1      | 0 ||| qw: Melee chars always use a shield: true
     0 | D:1      | 0 ||| qw: God list: Okawaru
     0 | D:1      | 0 ||| qw: Allow faded altars: false
     0 | D:1      | 0 ||| qw: Do Orc after clearing Dungeon:15 true
     0 | D:1      | 0 ||| qw: Do second Lair branch before Depths: true
     0 | D:1      | 0 ||| qw: Lair rune preference: random
     0 | D:1      | 0 ||| qw: Goals: Normal
     0 | D:1      | 0 ||| PLANNING D:1-11
   182 | D:1      | Reached XP level 2. HP: 23/23 MP: 0/0
   340 | D:1      | Reached XP level 3. HP: 28/28 MP: 0/0
   340 | D:1      | Learned a level 1 spell: Necrotise
   458 | D:1      | Found a faded altar of an unknown god.
   602 | D:1      | 602 ||| READING scroll labelled BIDIWN HUAC.
   602 | D:1      | Identified a scroll of acquirement
   602 | D:1      | 602 ||| ACQUIRING ring of the Invisible Hand {rPois EV+5}
   602 | D:1      | Acquired the ring of the Invisible Hand {rPois EV+5}
   604 | D:1      | 604 ||| UPGRADING to ring of the Invisible Hand {rPois
                  | EV+5}.
   605 | D:1      | 605 ||| READING scroll labelled OBEOBE WEIQ.
   606 | D:1      | 606 ||| DROPPING scroll of butterflies.
   877 | D:2      | Found a blossoming altar of Fedhas.
   904 | D:2      | 904 ||| FLEEEEING.
   994 | D:2      | Noticed Sigmund
  1002 | D:2      | HP: 7/29 [Sigmund/magic dart (6)]
  1003 | D:2      | Killed Sigmund
  1004 | D:2      | Reached XP level 4. HP: 10/39 MP: 0/0
  1004 | D:2      | Reached XP level 5. HP: 12/43 MP: 0/0
  1004 | D:2      | Learned a level 2 spell: Static Discharge
  1004 | D:2      | Reached XP level 6. HP: 13/49 MP: 0/0
  1490 | D:2      | 1490 ||| READING scroll labelled CUTOUC LATEI.
  1490 | D:2      | 1490 ||| ENCHANTING +0 shortbow.
  1491 | D:2      | 1491 ||| READING scroll labelled NAUCASTR FILOEJ.
  1563 | D:3      | Reached skill level 3 in Dodging
  2214 | D:3      | Found a hazy altar of Hepliaklqana.
  2588 | D:3      | 2588 ||| UPGRADING to +2 pair of gloves.
  2593 | D:3      | 2593 ||| READING scroll of identify.
  2593 | D:3      | 2593 ||| IDENTIFYING lumpy cyan potion
  2594 | D:3      | 2594 ||| READING 2 scrolls labelled WIEHEN FOMI.
  2599 | D:3      | 2599 ||| DROPPING potion of degeneration.
  2648 | D:4      | 2648 ||| RETREEEEATING.
  2649 | D:4      | 2649 ||| RETREEEEATING.
  2650 | D:4      | 2650 ||| RETREEEEATING.
  2651 | D:4      | 2651 ||| RETREEEEATING.
  2652 | D:4      | 2652 ||| RETREEEEATING.
  2653 | D:4      | HP: 12/49 [orc priest/divine providence (11)]
  2654 | D:4      | 2654 ||| READING scroll of teleportation.
  2725 | D:4      | Reached XP level 7. HP: 22/54 MP: 0/0
  2725 | D:4      | Learned a level 3 spell: Passwall
  3026 | D:4      | Found a basalt altar of Yredelemnul.
  3213 | D:4      | Reached skill level 1 in Armour
  3327 | D:4      | HP: 3/54 [ogre/+0 giant club (30)]
  3331 | D:4      | Slain by an ogre

Levels and vault maps discovered:
D:1:      enne_arrival_octagon_isle, layout_basic,
          ebering_ecumenical_altar_sacrificial, st_stairs_12, minivault_26,
          patterned_corridor
D:2:      layout_loops_ring, basic_altar, nicolae_hexahallways, uniq_sigmund
D:3:      layout_basic, lemuel_tele_altar
D:4:      layout_cave_pods, yredelemnul_forgotten_temple_becter

Skill      XL: |  1  2  3  4  5  6  7 |
---------------+----------------------+-----
Ranged Weapons | 4 5 |  5.3
Fighting       | 5 |  5.1
Dodging        | 3 |  3.1
Armour         | 1 |  1.1
Stealth        | |  0.7

Action                     |  1- 3 |  4- 6 |  7- 9 || total
---------------------------+-------+-------+-------++-------
   Fire: Shortbow          |   116 |   143 |   102 ||   361
    Use: Scroll            |     2 |     5 |       ||     7
 Armour: Leather armour    |    29 |    32 |    24 ||    85
  Dodge: Dodged            |    48 |    48 |    54 ||   150

Table legend:
 A = Non-vault XP
 B = Vault XP
 C = Vault XP percentage of total XP
 D = Non-vault monster count
 E = Vault monster count
 F = Vault count percentage of total count
                 A         B        C        D         E       F
            +---------+---------+-------+---------+---------+-------
      Total |     419 |     322 |  43.5 |      86 |       5 |   5.5
            +---------+---------+-------+---------+---------+-------
        D:1 |      46 |       4 |   8.0 |      27 |       2 |   6.9
        D:2 |      58 |     226 |  79.6 |      18 |       1 |   5.3
        D:3 |     125 |       0 |   0.0 |      27 |       0 |   0.0
        D:4 |     190 |      92 |  32.6 |      14 |       2 |  12.5
            +---------+---------+-------+---------+---------+-------
